 Dungeon Crawl Stone Soup version 0.21.1-1-g345015fe64 (webtiles) character file.

76 Delanovic the Sneak (level 4, 0/21 HPs)
             Began as a Spriggan Enchanter on Apr 16, 2018.
             Succumbed to Goboxel's ghost's poison
             ... on level 4 of the Dungeon.
             The game lasted 00:05:52 (2441 turns).

Delanovic the Sneak (Spriggan Enchanter)            Turns: 2441, Time: 00:05:52

Health: 0/21       AC:  2    Str:  4    XL:     4   Next: 12%
Magic:  0/10       EV: 18    Int: 17    God:
Gold:   178        SH:  0    Dex: 16    Spells: 1/10 levels left

rFire    . . .     SeeInvis +   l - +1 dagger (venom)
rCold    . . .     Gourm    .   (shield restricted)
rNeg     . . .     Faith    .   b - +0 robe
rPois    +         Spirit   .   (helmet restricted)
rElec    .         Reflect  .   (no cloak)
rCorr    .         Harm     .   (gloves unavailable)
MR       .....                  (boots unavailable)
Stlth    +++.......             (no amulet)
HPRegen  0.07/turn              j - ring of poison resistance
MPRegen  0.12/turn              (no ring)

@: lethally poisoned (0 -> -14), flying, hasted, very quick
A: very small, unfitting armour, see invisible, herbivore, speed 3, slow
metabolism 2
a: no special abilities


You were on level 4 of the Dungeon.
You were hungry.

You visited 1 branch of the dungeon, and saw 4 of its levels.

You collected 178 gold pieces.

Inventory:

Hand Weapons
 a - a +1 dagger
 l - a +1 dagger of venom (weapon)
Armour
 b - a +0 robe (worn)
Jewellery
 j - a ring of poison resistance (left hand)
Scrolls
 e - 3 scrolls of teleportation {unknown}
 g - 2 scrolls of amnesia {unknown}
 h - 2 scrolls of remove curse {unknown}
 i - a scroll of enchant weapon {unknown}
 k - 5 scrolls of identify {unknown}
 m - a scroll of magic mapping {unknown}
 s - a scroll of noise {unknown}
Potions
 f - a potion of flight
 n - a potion of heal wounds {unknown}
 o - a potion of curing {unknown}
 p - a potion of ambrosia {unknown}
Books
 c - a book of Maledictions

   Spells                             Type                      Level
   a - Corona                         Hexes                        1
   b - Ensorcelled Hibernation        Hexes/Ice                    2
   c - Confuse                        Hexes                        3
   d - Tukima's Dance                 Hexes                        3
   e - Dazzling Spray                 Conjuration/Hexes            3
 r - a book of Misfortune

   Spells                             Type                      Level
   a - Confusing Touch                Hexes                        1
   b - Confuse                        Hexes                        3
   c - Gell's Gravitas                Translocation                3
   d - Petrify                        Transmutation/Earth          4
   e - Metabolic Englaciation         Hexes/Ice                    5
   f - Yara's Violent Unravelling     Hexes/Transmutation          5
Comestibles
 d - 6 rations


   Skills:
 - Level 1.1 Short Blades
 - Level 3.0 Dodging
 + Level 5.7 Stealth
 + Level 3.8 Spellcasting
 + Level 4.5 Hexes


You had one spell level left.
You knew the following spells:

 Your Spells              Type           Power        Failure   Level  Hunger
a - Corona                Hex            ###....      2%          1    None
b - Ensorcelled Hibernat  Hex/Ice        ##....       10%         2    ##.....
c - Confuse               Hex            ###.....     8%          3    ###....
d - Tukima's Dance        Hex            ###.....     8%          3    ###....


Dungeon Overview and Level Annotations

Branches:
Dungeon (4/15)
 Temple: D:4-7

Altars:
Dithmenos

Annotations:
D:4 Goboxel's ghost, amateur GnSk


Innate Abilities, Weirdness & Mutations

You are very small and have problems with some larger weapons.
You are too small for most types of armour.
You have supernaturally acute eyesight. (SInv)
You are a herbivore.
You cover ground extremely quickly.
You need consume almost no food.


Message History

You are lethally poisoned!
You feel sick.
Casting: Confuse
Confirm with . or Enter, or press ? or * to list all spells.
Aiming: Confuse
Press: ? - help, Shift-Dir - straight line, f/p - Goboxel's ghost
Aim: Goboxel's ghost, wielding a weapon of venom (severely damaged, regenerating, chance to defeat MR: 37%) Goboxel's ghost easily resists.
You are feeling hungry.
You feel sick. Goboxel's ghost hits you.
* * * LOW HITPOINT WARNING * * *
* * * LOW HITPOINT WARNING * * *
You feel sick.
It was a potion of flight.
You feel very buoyant.
You fly up into the air.
* * * LOW HITPOINT WARNING * * *
You feel sick.
It was a potion of haste.
You feel yourself speed up.
You die...

....#.....#......#
....#.....#......#.........
....#.....#....(.#.........
....#<....#......#.........
...##...###......#.........
...####'###......#.........
...#.............#.........
...#.............#....?....
...+...........W@'.........
#####...#####....#.........
....#...# ######......[..
....#.... #.........
....#.... #.........
....#... #......... ....#
#......... ....# #.....O...
....+ #......[..


You could see Goboxel's ghost.

Vanquished Creatures
  3 adders
  A dart slug (D:1)
  A leopard gecko (D:2)
  3 giant cockroaches
  4 goblins
  2 hobgoblins (D:1)
  6 jackals (D:2)
  A quokka (D:2)
  3 ball pythons
  9 bats
  3 frilled lizards
  5 kobolds
  6 rats
47 creatures vanquished.

Notes
Turn   | Place    | Note
-------+----------+-------------------------------------------
     0 | D:1      | Delanovic the Spriggan Enchanter began the quest for the Orb.
     0 | D:1      | Reached XP level 1. HP: 9/9 MP: 5/5
   355 | D:1      | Reached XP level 2. HP: 13/13 MP: 4/7
   411 | D:1      | Learned a level 2 spell: Ensorcelled Hibernation
   811 | D:2      | Reached skill level 5 in Stealth
  1027 | D:2      | Reached XP level 3. HP: 13/16 MP: 8/8
  1346 | D:2      | Found a shadowy altar of Dithmenos.
  1978 | D:3      | Learned a level 3 spell: Confuse
  1982 | D:3      | Learned a level 3 spell: Tukima's Dance
  1998 | D:3      | Reached XP level 4. HP: 17/21 MP: 1/10
  2405 | D:4      | Noticed Goboxel's ghost (amateur GnSk)
  2409 | D:4      | Noticed an ogre
  2440 | D:4      | HP: 1/21 [poisoned by Goboxel's ghost]
  2441 | D:4      | Succumbed to Goboxel's ghost's poison

Skill      XL: |  1  2 |
---------------+-------+-----
Spellcasting   | 3 |  3.8
Hexes          | 4 |  4.5
Stealth        | 5 |  5.7
Short Blades   | |  1.1
Dodging        | |  3.0

Action                   |  1- 3 |  4- 6 || total
-------------------------+-------+-------++-------
Melee: Dagger            |    92 |    20 ||   112
 Cast: Corona            |     4 |       ||     4
       Ensorcelled Hiber |    18 |     1 ||    19
       Confuse           |       |     4 ||     4
  Use: Potion            |       |     2 ||     2
 Stab: Sleeping          |    28 |       ||    28
       Confused          |       |     2 ||     2
Armor: Robe              |    10 |     5 ||    15
Dodge: Dodged            |    94 |    15 ||   109
